 Dungeon Crawl Stone Soup version 0.31.0-11-ge490571c62 (webtiles) character file.

Game seed: 10730109566920643870

578 qw the Skirmisher (level 7, -9/40 HPs)
             Began as a Deep Elf Hunter on Feb 3, 2024.
             Mangled by a gnoll
             ... wielding a +0 halberd
              (10 damage)
             ... on level 4 of the Dungeon.
             The game lasted 00:00:17 (3001 turns).

qw the Skirmisher (Deep Elf Hunter)                 Turns: 3001, Time: 00:00:17

Health: -9/40      AC:  6    Str: 10    XL:     7   Next: 13%
Magic:  9/9        EV: 11    Int: 14    God:
Gold:   256        SH:  0    Dex: 18    Spells: 6/6 levels left

rFire   . . .        a - +0 shortbow
rCold   . . .        (shield currently unavailable)
rNeg    . . .        k - +0 ring mail
rPois   .            (no helmet)
rElec   .            (no cloak)
rCorr   .            b - +0 pair of gloves
SInv    .            (no boots)
Will    .....        (no amulet)
Stlth   +            (no ring)
HPRegen 0.26/turn    (no ring)
MPRegen 0.11/turn

%: no passive effects
@: about to teleport
A: no striking features
a: no special abilities


You were on level 4 of the Dungeon.
You visited 2 branches of the dungeon, and saw 5 of its levels.
You also visited: Ossuary.

You collected 256 gold pieces.


   Skills:
 - Level 2.2 Fighting
 + Level 10.3 Ranged Weapons
 - Level 1.1 Armour
 - Level 3.5 Dodging
 - Level 1.2 Stealth


You had 6 spell levels left.
You didn't know any spells.
Your spell library was empty.

Inventory:

Hand Weapons
 a - a +0 shortbow (weapon)
Armour
 b - a +0 pair of gloves (worn)
 k - a +0 ring mail (worn)
Wands
 f - a wand of polymorph (9)
Potions
 g - 3 potions of curing
 i - 2 potions of enlightenment
 l - a potion of might
 m - a potion of magic {unknown}

Dungeon Overview and Level Annotations

Branches:
Dungeon (4/15)             Temple (1/1) D:4         Ossuary (visited)

Altars:
Ashenzari
Cheibriados
Dithmenos
Elyvilon
Gozag
Hepliaklqana
Kikubaaqudgha
Makhleb
Nemelex Xobeh
Ru
Sif Muna
Trog
Uskayaw
Vehumet
Wu Jian
Xom
Yredelemnul
Zin
The Shining One


Message History

The arrow hits the gnoll but does no damage.
The gnoll is heavily wounded.
A gnoll comes into view. It is wielding a +0 club.
Enter note: You shoot an arrow.
The gnoll shouts!
The arrow hits the gnoll.
The gnoll is almost dead.
A gnoll comes into view. It is wielding a +0 club.
You shoot an arrow. The gnoll shouts!
The arrow hits the gnoll.
The gnoll is heavily wounded.
The gnoll closely misses you. x2
You shoot an arrow.
The arrow hits the gnoll but does no damage.
The gnoll is heavily wounded.
The gnoll closely misses you. The gnoll hits you with a +0 flail.
You shoot an arrow.
The arrow hits the gnoll but does no damage.
The gnoll is heavily wounded.
The gnoll closely misses you. The gnoll hits you with a +0 flail.
The gnoll hits you from afar with a +0 halberd!
You shoot an arrow. The arrow closely misses the gnoll.
The gnoll barely misses you. x2
You shoot an arrow. The arrow hits the gnoll.
The gnoll is almost dead.
The gnoll hits you from afar with a +0 spear!
The gnoll splashes around in the water.
The gnoll barely misses you. x2
You shoot an arrow. The arrow hits the gnoll.
The gnoll is almost dead.
The gnoll splashes around in the water.
The gnoll hits you from afar with a +0 spear.
The gnoll closely misses you. The gnoll hits you with a +0 flail.
3001 ||| READING scroll of teleportation.
As you read the scroll of teleportation, it crumbles to dust.
You feel strangely unstable. The gnoll barely misses you.
The gnoll hits you with a +0 whip.
The gnoll hits you from afar with a +0 halberd!
You die...

.~~... .~...~.~.~.#
#~~#).. #...~~..~..####
.~~....
......~~#~~...###.~.....
.~7~.~~.#.....#...~.....
..~..~~~.~.......gg~)...
............).>gggg.....
..........#.....@~......
##...............~......
......(...#....####.....
)>......#......# ##..
.............#.# .
.}.}...........#
.8.8...........#
...............#
..#...#.....#<...


You could see 6 gnolls.

Vanquished Creatures
  A phantom (D:3)
  A weeping skull (Ossuary)
  A scorpion (Ossuary)
  2 centaur zombies (Ossuary)
  A hound (D:4)
  Jessica (D:3)
  2 scorpion zombies (Ossuary)
  Ijyb (D:3)
  Natasha (D:4)
  An ogre zombie (Ossuary)
  A mummy (D:4)
  2 gnolls
  2 adders (D:3)
  A shadow imp (D:4)
  5 adder zombies (Ossuary)
  An orc (D:4)
  4 endoplasms
  3 giant cockroaches
  5 gnoll zombies (Ossuary)
  5 goblins
  2 hobgoblins (D:2)
  7 kobolds
  A quokka (D:1)
  6 ball pythons
  6 bats
  4 frilled lizards
  2 goblin zombies (Ossuary)
  3 hobgoblin zombies (Ossuary)
  3 orc zombies (Ossuary)
  2 rats (D:1)
77 creatures vanquished.

Notes
Turn   | Place    | Note
-------+----------+-------------------------------------------
     0 | D:1      | qw the Deep Elf Hunter began the quest for the Orb.
     0 | D:1      | Reached XP level 1. HP: 12/12 MP: 3/3
     0 | D:1      | 0 ||| qw: Version: 0.3-a-157-g843a77d
     0 | D:1      | 0 ||| qw: Game counter: 3737
     0 | D:1      | 0 ||| qw: Melee chars always use a shield: true
     0 | D:1      | 0 ||| qw: God list: Okawaru
     0 | D:1      | 0 ||| qw: Allow faded altars: false
     0 | D:1      | 0 ||| qw: Do Orc after clearing Dungeon:15 true
     0 | D:1      | 0 ||| qw: Do second Lair branch before Depths: true
     0 | D:1      | 0 ||| qw: Lair rune preference: random
     0 | D:1      | 0 ||| qw: Goals: Normal
     0 | D:1      | 0 ||| PLANNING D:1-11
   137 | D:1      | Reached XP level 2. HP: 16/16 MP: 4/4
   141 | D:1      | Reached skill level 6 in Ranged Weapons
   333 | D:1      | Reached XP level 3. HP: 20/20 MP: 5/5
   359 | D:1      | 359 ||| UPGRADING to +0 ring mail.
   369 | D:1      | 369 ||| DROPPING +0 leather armour.
   370 | D:1      | 370 ||| READING scroll labelled YWYUSI CIHOPT.
   371 | D:1      | 371 ||| READING 2 scrolls labelled YFUMEL YGIBAY.
   371 | D:1      | 371 ||| IDENTIFYING fizzy green potion
   372 | D:1      | 372 ||| READING scroll of identify.
   372 | D:1      | 372 ||| IDENTIFYING bubbling pink potion
   373 | D:1      | 373 ||| READING scroll labelled UGRO UTZILEUTZ.
   377 | D:1      | 377 ||| DRINKING 2 ruby potions.
   378 | D:1      | 378 ||| DRINKING 2 fuming red potions.
   381 | D:1      | 381 ||| DROPPING scroll of butterflies.
   382 | D:1      | 382 ||| DROPPING potion of degeneration.
   383 | D:1      | 383 ||| DROPPING potion of ambrosia.
   384 | D:1      | 384 ||| DROPPING potion of attraction.
   613 | D:2      | Found an opulent altar of Gozag.
   988 | D:2      | 988 ||| UPGRADING to +0 pair of gloves.
  1028 | D:3      | Found a sacrificial altar of Ru.
  1028 | D:3      | Found an ornate altar of the Wu Jian Council.
  1061 | D:3      | Noticed a phantom
  1062 | D:3      | Reached skill level 7 in Ranged Weapons
  1068 | D:3      | Killed a phantom
  1069 | D:3      | Reached skill level 8 in Ranged Weapons
  1069 | D:3      | Reached XP level 4. HP: 24/25 MP: 6/6
  1182 | D:3      | Noticed Jessica
  1186 | D:3      | Killed Jessica
  1187 | D:3      | Reached XP level 5. HP: 21/29 MP: 7/7
  1442 | D:3      | Noticed Ijyb
  1450 | D:3      | 1450 ||| FLEEEEING.
  1451 | D:3      | 1451 ||| FLEEEEING.
  1452 | D:3      | 1452 ||| FLEEEEING.
  1453 | D:3      | 1453 ||| FLEEEEING.
  1454 | D:3      | 1454 ||| FLEEEEING.
  1455 | D:3      | 1455 ||| FLEEEEING.
  1456 | D:3      | 1456 ||| FLEEEEING.
  1457 | D:3      | 1457 ||| FLEEEEING.
  1458 | D:3      | 1458 ||| FLEEEEING.
  1459 | D:3      | 1459 ||| FLEEEEING.
  1460 | D:3      | 1460 ||| FLEEEEING.
  1461 | D:3      | 1461 ||| FLEEEEING.
  1462 | D:3      | 1462 ||| FLEEEEING.
  1463 | D:3      | 1463 ||| FLEEEEING.
  1467 | D:3      | Killed Ijyb
  1858 | D:3      | 1858 ||| READING 2 scrolls of identify.
  1858 | D:3      | 1858 ||| IDENTIFYING bubbling amethyst potion
  1859 | D:3      | 1859 ||| READING scroll of identify.
  1859 | D:3      | 1859 ||| IDENTIFYING 2 emerald potions
  1860 | D:3      | 1860 ||| READING scroll labelled CYR ROW ZEDITT.
  1861 | D:3      | 1861 ||| DROPPING 2 potions of berserk rage.
  1887 | D:4      | 1887 ||| PLANNING OSSUARY
  1892 | D:4      | Reached skill level 9 in Ranged Weapons
  1901 | D:4      | Found a staircase to the Ecumenical Temple.
  1914 | D:4      | Found a sand-covered staircase.
  1925 | Ossuary  | Entered an ossuary
  2109 | Ossuary  | Reached XP level 6. HP: 35/35 MP: 8/8
  2282 | Ossuary  | Reached skill level 10 in Ranged Weapons
  2309 | Ossuary  | Reached skill level 3 in Dodging
  2377 | Ossuary  | Noticed a silent spectre
  2415 | D:4      | 2415 ||| PLANNING TEMPLE
  2415 | D:4      | 2415 ||| READING scroll of identify.
  2415 | D:4      | 2415 ||| IDENTIFYING fizzy dark potion
  2416 | D:4      | 2416 ||| READING scroll labelled XOBLIA YWELL.
  2517 | D:4      | 2517 ||| READING scroll labelled PEBUZX ATUEHEI.
  2580 | D:4      | 2580 ||| READING scroll labelled NEEMISU RIPLAU.
  2581 | D:4      | 2581 ||| READING scroll labelled UQIEX KIUTOYFI.
  2583 | D:4      | 2583 ||| Stepping ~*~*~tactically~*~*~ (cloud).
  2690 | D:4      | Noticed Natasha
  2696 | D:4      | 2696 ||| RETREEEEATING.
  2697 | D:4      | 2697 ||| RETREEEEATING.
  2698 | D:4      | 2698 ||| RETREEEEATING.
  2699 | D:4      | 2699 ||| RETREEEEATING.
  2700 | D:4      | 2700 ||| RETREEEEATING.
  2701 | D:4      | 2701 ||| RETREEEEATING.
  2702 | D:4      | 2702 ||| RETREEEEATING.
  2703 | D:4      | 2703 ||| RETREEEEATING.
  2710 | D:4      | 2710 ||| RETREEEEATING.
  2713 | D:4      | Killed Natasha
  2714 | D:4      | Reached XP level 7. HP: 20/40 MP: 9/9
  2718 | D:4      | HP: 10/40 [hound (5)]
  2719 | D:4      | 2719 ||| READING 2 scrolls of teleportation.
  2721 | D:4      | HP: 1/40 [hound (5)]
  2748 | D:4      | 2748 ||| FLEEEEING.
  2749 | D:4      | 2749 ||| FLEEEEING.
  2750 | D:4      | 2750 ||| STAIRDANCE
  2879 | D:4      | Reached skill level 1 in Armour
  2906 | Temple   | Found a transporter.
  2906 | Temple   | Found a transporter.
  2906 | Temple   | Found a transporter.
  2906 | Temple   | Found a transporter.
  2906 | Temple   | Entered the Ecumenical Temple
  2907 | Temple   | 2907 ||| PLANNING D:1-11
  3000 | D:4      | HP: 10/40 [gnoll/+0 spear (4)]
  3001 | D:4      | 3001 ||| READING scroll of teleportation.
  3001 | D:4      | HP: 1/40 [gnoll/+0 whip (6)]
  3001 | D:4      | Mangled by a gnoll

Levels and vault maps discovered:
D:1:      dpeg_arrival_shelter, layout_basic, feat_on_display
D:2:      layout_basic, basic_altar
D:3:      layout_loops_ring, nicolae_overflow_two_pavilions, uniq_ijyb,
          uniq_jessica
D:4:      layout_rooms, tgw_fedhas, minmay_temple_entry_drinking_statues,
          serial_rivers, chequers_serial_rivers_small_a,
          chequers_serial_rivers_marsh, chequers_serial_rivers_micro_e,
          chequers_serial_rivers_room_a, gup_ossuary_entry_pyramid, uniq_natasha
Temple:   hellmonk_temple_divided_pantheon

Skill      XL: |  1  2  3  4  5  6  7 |
---------------+----------------------+-----
Ranged Weapons | 6 8 9 10 | 10.3
Fighting       | 2 |  2.2
Dodging        | 3 |  3.5
Armour         | 1 |  1.1
Stealth        | |  1.2

Action                     |  1- 3 |  4- 6 |  7- 9 || total
---------------------------+-------+-------+-------++-------
   Fire: Shortbow          |    85 |   223 |    41 ||   349
    Use: Scroll            |     4 |     8 |     2 ||    14
         Potion            |     2 |       |       ||     2
 Armour: Leather armour    |     5 |       |       ||     5
         Ring mail         |    13 |    84 |    30 ||   127
         Skin              |       |     1 |       ||     1
  Dodge: Dodged            |    16 |    68 |    24 ||   108

Table legend:
 A = Non-vault XP
 B = Vault XP
 C = Vault XP percentage of total XP
 D = Non-vault monster count
 E = Vault monster count
 F = Vault count percentage of total count
                 A         B        C        D         E       F
            +---------+---------+-------+---------+---------+-------
      Total |     274 |     553 |  66.9 |      48 |      29 |  37.7
            +---------+---------+-------+---------+---------+-------
        D:1 |      42 |       0 |   0.0 |      18 |       0 |   0.0
        D:2 |      20 |       0 |   0.0 |      13 |       0 |   0.0
        D:3 |     138 |      73 |  34.6 |       9 |       2 |  18.2
        D:4 |      74 |      53 |  41.7 |       8 |       2 |  20.0
    Ossuary |       0 |     427 | 100.0 |       0 |      25 | 100.0
            +---------+---------+-------+---------+---------+-------
